 Dungeon Crawl Stone Soup version 0.31-a0-161-gb58dd9be76 (webtiles) character file.

Game seed: 516636245407394264

185 qw the Chopper (level 5, -3/32 HPs)
             Began as a Gargoyle Fighter on June 12, 2023.
             Slain by an ogre
             ... wielding a +0 giant club
              (13 damage)
             ... on level 4 of the Dungeon.
             The game lasted 00:01:07 (2327 turns).

qw the Chopper (Gargoyle Fighter)                   Turns: 2327, Time: 00:01:07

Health: -3/32      AC: 17    Str: 22    XL:     5   Next: 64%
Magic:  5/5        EV:  8    Int:  8    God:
Gold:   163        SH:  5    Dex: 15    Spells: 4/4 levels left

rFire   . . .        Y - +0 war axe
rCold   . . .        c - +0 buckler
rNeg    + . .        j - +0 chain mail
rPois   inf          (no helmet)
rElec   +            (no cloak)
rCorr   .            (no gloves)
SInv    .            (no boots)
Will    .....        a - amulet of faith Stlth
                     e - +6 ring of dexterity
HPRegen 0.25/turn    k - +4 ring of protection
MPRegen 0.09/turn

%: faith
@: no status effects
A: sickness immunity, AC +4, negative energy resistance 1, electricity
resistance, torment resistance 1, petrification resistance
a: no special abilities


You were on level 4 of the Dungeon.
You visited 1 branch of the dungeon, and saw 4 of its levels.

You collected 163 gold pieces.


Innate Abilities, Weirdness & Mutations

You are immune to sickness and miasma.
Your stone body is resilient. (AC +4)
You are immune to poison.
You resist negative energy. (rN+)
You are resistant to electric shocks. (rElec)
You are resistant to unholy torment.
You are immune to petrification.


   Skills:
 - Level 3.2 Fighting
 + Level 4.9 Axes
 - Level 3.2 Armour
 - Level 1.2 Dodging
 - Level 3.2 Shields


You had 4 spell levels left.
You didn't know any spells.
Your spell library was empty.

Inventory:

Hand Weapons
 l - a +0 mace
 Y - a +0 war axe (weapon)
Armour
 c - a +0 buckler (worn)
 j - a +0 chain mail (worn)
Jewellery
 a - an amulet of faith (around neck)
 e - a +6 ring of dexterity (left hand)
 k - a +4 ring of protection (right hand)
Scrolls
 b - a scroll of teleportation
 h - 2 scrolls of enchant armour
Potions
 d - a potion of might
 f - a potion of curing
 g - a potion of resistance {unknown}
 i - a potion of heal wounds {unknown}
 n - a potion of degeneration {unknown}

Dungeon Overview and Level Annotations

Branches:
Dungeon (4/15)
 Temple: D:4-7

Altars:


Message History

A jelly comes into view.
You slash the jelly!
Your hands burn!
The jelly is severely wounded.
The jelly closely misses you. The jelly hits you but does no damage.
You slash the jelly!
You kill the jelly!
You start resting.
HP restored.
An endoplasm comes into view.
The endoplasm quivers.
You slash the endoplasm!
You kill the endoplasm!
You now have 155 gold pieces (gained 6).
You now have 163 gold pieces (gained 8).
An ogre comes into view. It is wielding a +0 giant club.
The ogre shouts!
A ball python comes into view.
Enter note: The ball python hisses angrily.
You slash the ogre!
The ogre is moderately wounded.
The ogre hits you with a +0 giant club!
You hit the ogre.
The ogre is moderately wounded.
The ogre barely misses you.
You closely miss the ogre.
The ogre is moderately wounded.
The ogre hits you with a +0 giant club!
You barely miss the ogre.
The ogre is moderately wounded.
The ogre hits you with a +0 giant club.
You slash the ogre!
The ogre is severely wounded.
You hit the ogre but do no damage.
The ogre is severely wounded.
The ogre barely misses you.
You hit the ogre.
The ogre is almost dead.
The ogre hits you with a +0 giant club!
You die...

# ## #.#.#..#
#.. ..#.#..#####
#.#####.#.......
#.......#.#####.
#..##.....#
#...#.#######
#............
###...#.#######
#@....#.#
#O##..#.#
..S....#.#
###.###.#.# ...
..#.# #.# ###.#
... ...


You could see an ogre and a ball python.

Vanquished Creatures
  A jelly (D:4)
  A hound (D:4)
  A sleepcap (D:2)
  4 adders
  A worm (D:2)
  7 endoplasms
  3 giant cockroaches
  2 goblins (D:3)
  5 hobgoblins
  4 jackals (D:3)
  3 quokkas
  9 ball pythons
  4 bats
  3 frilled lizards
  5 kobolds
  A rat (D:2)
54 creatures vanquished.

Notes
Turn   | Place    | Note
-------+----------+-------------------------------------------
     0 | D:1      | qw the Gargoyle Fighter began the quest for the Orb.
     0 | D:1      | Reached XP level 1. HP: 14/14 MP: 1/1
     0 | D:1      | 0 ||| qw: Version: 0.2-a-29-gc1b59c4
     0 | D:1      | 0 ||| qw: Game counter: 4264
     0 | D:1      | 0 ||| qw: Always use a shield: true
     0 | D:1      | 0 ||| qw: God list: Okawaru
     0 | D:1      | 0 ||| qw: Allow faded altars: false
     0 | D:1      | 0 ||| qw: Do Orc after D:15 true
     0 | D:1      | 0 ||| qw: Do second Lair branch before Depths: true
     0 | D:1      | 0 ||| qw: Lair rune preference: random
     0 | D:1      | 0 ||| qw: Plans: Normal, Zot:1-4, Slime:5, God:TSO, Crypt,
                  | Tomb, Abyss, Pan, Hells, Win
     0 | D:1      | 0 ||| PLANNING D:1-11
   118 | D:1      | Reached skill level 2 in Axes
   319 | D:1      | You fall into a shaft and drop 1 floor!
   342 | D:2      | Reached XP level 2. HP: 18/19 MP: 2/2
   357 | D:2      | 357 ||| UPGRADING to +0 chain mail.
   367 | D:2      | 367 ||| DROPPING +0 scale mail.
   368 | D:2      | 368 ||| UPGRADING to +6 ring of dexterity.
   369 | D:2      | 369 ||| READING scroll labelled VIANTI ICZO DULY.
   370 | D:2      | 370 ||| DRINKING 2 sapphire potions.
   371 | D:2      | 371 ||| DROPPING potion of brilliance.
   415 | D:1      | 415 ||| DROPPING +0 whip.
   702 | D:1      | 702 ||| READING scroll labelled UNUDYL RUOGOU.
   759 | D:2      | 759 ||| Stepping ~*~*~tactically~*~*~ (hiding).
   761 | D:2      | 761 ||| Stepping ~*~*~tactically~*~*~ (hiding).
   766 | D:2      | Reached skill level 3 in Axes
   815 | D:2      | Reached XP level 3. HP: 22/23 MP: 3/3
   977 | D:2      | Reached skill level 4 in Axes
   977 | D:2      | Reached XP level 4. HP: 26/28 MP: 4/4
  1376 | D:2      | 1376 ||| UPGRADING to amulet of faith.
  1381 | D:2      | 1381 ||| UPGRADING to +4 ring of protection.
  1382 | D:2      | 1382 ||| READING 3 scrolls labelled UXTI TOIVI.
  1383 | D:2      | 1383 ||| READING scroll labelled XUNUOJ PUOS.
  1384 | D:2      | 1384 ||| READING 3 scrolls labelled MEOMPE BUENOE.
  1485 | D:2      | 1485 ||| DROPPING 2 scrolls of silence.
  1516 | D:3      | Reached skill level 1 in Dodging
  1552 | D:3      | 1552 ||| DROPPING +4 whip.
  1574 | D:3      | 1574 ||| Stepping ~*~*~tactically~*~*~ (stealth).
  1575 | D:3      | 1575 ||| Stepping ~*~*~tactically~*~*~ (stealth).
  1799 | D:3      | Reached XP level 5. HP: 32/32 MP: 5/5
  2173 | D:3      | 2173 ||| READING 2 scrolls labelled GEMEPS RIMPAUT.
  2177 | D:3      | 2177 ||| READING scroll labelled POPTEU YGITI.
  2178 | D:3      | 2178 ||| READING scroll labelled YCHYGH HYITUL.
  2179 | D:3      | 2179 ||| DRINKING 2 grey potions.
  2315 | D:4      | Noticed an ogre
  2327 | D:4      | Slain by an ogre

Levels and vault maps discovered:
D:1:      nicolae_arrival_washed_ashore, layout_loops_ring
D:2:      layout_basic
D:3:      layout_loops_ring, kennysheep_generic_room_13
D:4:      layout_basic

Skill      XL: |  1  2  3  4 |
---------------+-------------+-----
Axes           | 2 3 4 |  4.9
Dodging        | 1 |  1.2
Fighting       | |  3.2
Armour         | |  3.2
Shields        | |  3.2

Action                     |  1- 3 |  4- 6 || total
---------------------------+-------+-------++-------
  Melee: War axe           |    77 |    85 ||   162
    Use: Scroll            |     2 |     6 ||     8
         Potion            |     1 |     1 ||     2
 Armour: Scale mail        |    13 |       ||    13
         Chain mail        |    25 |    41 ||    66
  Dodge: Dodged            |    25 |    34 ||    59
  Block: Buckler           |    16 |    14 ||    30

Table legend:
 A = Non-vault XP
 B = Vault XP
 C = Vault XP percentage of total XP
 D = Non-vault monster count
 E = Vault monster count
 F = Vault count percentage of total count
                 A         B        C        D         E       F
            +---------+---------+-------+---------+---------+-------
      Total |     265 |       0 |   0.0 |      54 |       0 |   0.0
            +---------+---------+-------+---------+---------+-------
        D:1 |      13 |       0 |   0.0 |      10 |       0 |   0.0
        D:2 |     116 |       0 |   0.0 |      23 |       0 |   0.0
        D:3 |      42 |       0 |   0.0 |      17 |       0 |   0.0
        D:4 |      94 |       0 |   0.0 |       4 |       0 |   0.0
            +---------+---------+-------+---------+---------+-------
